 Dungeon Crawl Stone Soup version 0.28.0 (webtiles) character file.

Game seed: 6847730989389922128

5199 crazypyro the Basher (level 10, 0/153 HPs)
             Began as an Ogre Berserker on Feb 10, 2022.
             Was a Believer of Trog.
             Slain by a yak (2 damage)
             ... on level 1 of the Lair of Beasts.
             The game lasted 00:13:57 (11184 turns).

crazypyro the Basher (Ogre Berserker)              Turns: 11184, Time: 00:13:58

Health: 0/153      AC:  9    Str: 27    XL:     10   Next: 60%
Magic:  10/10      EV: 10    Int:  8    God:    Trog [**....]
Gold:   478        SH:  5    Dex:  8    Spells: 9/9 levels left

rFire   . . .      SeeInvis .   v - +0 giant spiked club
rCold   . . .      Faith    .   (shield currently unavailable)
rNeg    . . .      Spirit   .   x - +0 swamp dragon scales
rPois   +          Reflect  +   u - +1 hat
rElec   .          Harm     .   p - scarf {shadows}
rCorr   .          Rampage  .   (gloves unavailable)
Will    +++..                   (boots unavailable)
Stlth   ..........              c - amulet of reflection
HPRegen 1.35/turn               d - ring of flight
MPRegen 0.12/turn               (no ring)

@: berserking (expiring), strong-willed, flying, regenerating, very quick
A: large, unfitting armour, tough skin 1
a: Renounce Religion, Berserk, Trog's Hand


You were on level 1 of the Lair of Beasts.
You worshipped Trog.
Trog was pleased with you.
You visited 2 branches of the dungeon, and saw 10 of its levels.

You collected 478 gold pieces.

Inventory:

Hand Weapons
 a - a +0 mace
 i - a +0 whip of flaming
 m - a +4 dire flail of protection
 n - a +0 giant club
 v - a +0 giant spiked club (weapon)
Armour
 b - a +0 animal skin
 p - a scarf of shadows (worn)
 u - a +1 hat (worn)
 x - +0 swamp dragon scales (worn)
Jewellery
 c - an amulet of reflection (around neck)
 d - a ring of flight (left hand)
Wands
 e - a wand of digging (4)
 k - a wand of polymorph (12)
 q - a wand of iceblast (21)
Scrolls
 g - 4 scrolls of teleportation
 h - 5 scrolls of identify
Potions
 f - a potion of curing {unknown}
 l - a potion of ambrosia {unknown}
 o - a potion of invisibility {unknown}
 r - a potion of might {unknown}
 s - a potion of cancellation {unknown}
 t - a potion of degeneration {unknown}
 w - a potion of resistance
 z - 2 potions of brilliance {unknown}


   Skills:
 - Level 7.5 Fighting
 * Level 12.7 Maces & Flails
 - Level 1.0 Armour
 - Level 5.4 Dodging


You had 9 spell levels left.
You didn't know any spells.
Your spell library was empty.

Dungeon Overview and Level Annotations

Branches:
Dungeon (9/15)             Temple (0/1) D:6            Lair (1/6) D:8
    Orc (0/2) D:9

Altars:
Cheibriados
Dithmenos
Fedhas
Kikubaaqudgha
Makhleb
Nemelex Xobeh
Ru
Yredelemnul

Annotations:
D:7 2 transporters, dolemite99's ghost, novice DsFi


Innate Abilities, Weirdness & Mutations

You are too large for most types of armour.
You have tough skin. (AC +1)


Message History

* * * LOW HITPOINT WARNING * * *
The yak gores you.
* * * LOW HITPOINT WARNING * * *
The yak gores you!
* * * LOW HITPOINT WARNING * * *
You feel much better. The yak gores you!
* * * LOW HITPOINT WARNING * * *
The yak gores you.
* * * LOW HITPOINT WARNING * * *
The yak barely misses you.
A red film seems to cover your vision as you go berserk!
You feel yourself moving faster!
You feel mighty! The yak gores you.
* * * LOW HITPOINT WARNING * * *
The yak gores you!
* * * LOW HITPOINT WARNING * * *
The yak gores you but does no damage.
You flatten the yak like a pancake!!!
You kill the yak!
Trog accepts your kill. The yak gores you but does no damage.
You barely miss the yak. The yak barely misses you. You block the yak's attack.
The yak barely misses you.
You barely miss the yak. The yak gores you!
* * * LOW HITPOINT WARNING * * *
The yak gores you.
* * * LOW HITPOINT WARNING * * *
The yak gores you!
* * * LOW HITPOINT WARNING * * *
You pound the yak like an anvil!!!
You kill the yak!
Trog accepts your kill.
A yak comes into view.
The yak gores you!
* * * LOW HITPOINT WARNING * * *
You barely miss the yak.
The yak bellows!
The yak gores you.
* * * LOW HITPOINT WARNING * * *
The yak gores you.
You die...

...... .........
...######.#.#.#..####.
......................
......................
##P...####.###..#.###.
.###..#######..$######.
.......................
...............YYY..Y..
...##.#######..#@###.#.
#..#.#. #..### # .....
.. ...... ..... ..
........ #.... ..
........ #......
....... ....... .....##


You could see 4 yaks.

Vanquished Creatures
  Pikel (D:8)
  2 cane toads (D:8)
  Maggie (D:6)
  2 yaks (Lair:1)
  A vampire (D:5)
  A wraith (D:9)
  Eustachio (D:5)
  A basilisk (Lair:1)
  A steam dragon (D:7)
  Menkaure (D:7)
  Edmund (D:4)
  An ice beast (D:7)
  An orc warrior (D:9)
  A sky beast (D:6)
  3 ogres
  4 wolves (D:8)
  3 centaurs
  2 lemures
  3 kobold brigands
  3 bullfrogs
  2 scorpions
  A wyvern zombie (D:8)
  A water moccasin skeleton (D:7)
  5 howler monkeys
  A bullfrog zombie (D:7)
  A centaur zombie (D:5)
  3 orc priests
  4 hounds
  Crazy Yiuf (D:5)
  A gnoll shaman (D:4)
  A bullfrog skeleton (D:5)
  A centaur skeleton (D:7)
  3 iguanas
  An orc wizard (D:8)
  2 howler monkey zombies (D:9)
  7 adders
  5 gnolls
  A howler monkey skeleton (D:7)
  A white imp (D:7)
  2 ufetubi
  3 worms
  19 orcs
  5 endoplasms
  3 giant cockroaches
  5 goblins
  4 hobgoblins
  5 jackals (D:1)
  3 quokkas
  3 ball pythons
  4 bats
  3 frilled lizards
  17 kobolds
  3 rats
  A spectral orc (D:3)
156 creatures vanquished.

Vanquished Creatures (others)
  2 plants (D:3)
  4 withered plants (D:3)
6 creatures vanquished.

Grand Total: 162 creatures vanquished

Notes
Turn   | Place    | Note
-------+----------+-------------------------------------------
     0 | D:1      | crazypyro the Ogre Berserker began the quest for the Orb.
     0 | D:1      | Reached XP level 1. HP: 24/24 MP: 1/1
   123 | D:1      | Reached XP level 2. HP: 32/32 MP: 2/2
   131 | D:1      | Reached skill level 3 in Maces & Flails
   516 | D:1      | Reached XP level 3. HP: 40/40 MP: 3/3
  1535 | D:2      | Reached XP level 4. HP: 40/49 MP: 4/4
  2274 | D:3      | Found a faded altar of an unknown god.
  2656 | D:3      | Reached ** piety under Trog
  2905 | D:3      | Found a basalt altar of Yredelemnul.
  3077 | D:4      | Noticed Edmund
  3088 | D:4      | Killed Edmund
  3089 | D:4      | Reached skill level 5 in Fighting
  3089 | D:4      | Reached skill level 4 in Maces & Flails
  3089 | D:4      | Reached XP level 5. HP: 57/57 MP: 5/5
  3092 | D:4      | Reached XP level 6. HP: 66/66 MP: 6/6
  3264 | D:4      | Reached skill level 5 in Maces & Flails
  3815 | D:4      | Reached XP level 7. HP: 62/75 MP: 7/7
  4377 | D:5      | Entered Level 5 of the Dungeon
  4575 | D:5      | Found a blossoming altar of Fedhas.
  4810 | D:5      | Noticed Eustachio
  4828 | D:5      | Killed Eustachio
  4829 | D:5      | Reached skill level 6 in Maces & Flails
  5265 | D:5      | Noticed a vampire
  5277 | D:5      | Killed a vampire
  5278 | D:5      | Reached XP level 8. HP: 58/87 MP: 8/8
  5501 | D:5      | Reached skill level 5 in Dodging
  5549 | D:5      | Found a runed translucent door.
  5550 | D:5      | Noticed Crazy Yiuf
  6081 | D:5      | Killed Crazy Yiuf
  6355 | D:6      | Reached skill level 7 in Maces & Flails
  6425 | D:6      | Reached skill level 1 in Armour
  6775 | D:6      | Found a shadowy altar of Dithmenos.
  6775 | D:6      | Found a sacrificial altar of Ru.
  6886 | D:6      | Noticed Maggie
  6892 | D:6      | Killed Maggie
  6893 | D:6      | Reached skill level 8 in Maces & Flails
  6893 | D:6      | Reached XP level 9. HP: 44/93 MP: 9/9
  7101 | D:6      | Found a staircase to the Ecumenical Temple.
  7140 | D:6      | Found a burning altar of Makhleb.
  7228 | D:6      | Found a sparkling altar of Nemelex Xobeh.
  7347 | D:7      | Found a transporter.
  7630 | D:7      | Reached skill level 9 in Maces & Flails
  7745 | D:7      | Noticed Menkaure
  7746 | D:7      | Killed Menkaure
  7772 | D:7      | Found a transporter.
  7774 | D:7      | Noticed dolemite99's ghost (novice DsFi)
  7795 | D:7      | Noticed a moth of wrath
  7900 | D:7      | Reached *** piety under Trog
  8303 | D:8      | Found a staircase to the Lair.
  8315 | D:7      | Reached skill level 10 in Maces & Flails
  8396 | D:8      | Noticed Pikel
  8573 | D:8      | Killed Pikel
  8574 | D:8      | Reached skill level 11 in Maces & Flails
  8779 | D:8      | Reached XP level 10. HP: 69/102 MP: 10/10
  9581 | D:9      | Found a snail-covered altar of Cheibriados.
  9671 | D:9      | Found an ancient bone altar of Kikubaaqudgha.
 10218 | D:9      | Found a staircase to the Orcish Mines.
 10517 | Lair:1   | Entered Level 1 of the Lair of Beasts
 10521 | Lair:1   | Noticed a cane toad
 10523 | Lair:1   | Noticed a cane toad
 10827 | D:8      | Killed a cane toad
 10828 | D:8      | Reached skill level 12 in Maces & Flails
 10830 | D:8      | Killed a cane toad
 11183 | Lair:1   | HP: 2/153 [yak (8)]
 11184 | Lair:1   | Slain by a yak

Illustrated notes

Levels and vault maps discovered:
D:1:      saegor_arrival_simple_b, layout_loops_ring
D:2:      layout_basic
D:3:      layout_basic, yredelemnul_forgotten_temple_becter,
          shapermc_ecumenical_altar_flowoftime
D:4:      layout_gridville, minmay_misc_feat_diagonals, uniq_edmund
D:5:      layout_layer_cave, lemuel_tele_altar, uniq_eustachio,
          uniq_crazy_yiuf_cottage
D:6:      minmay_klotski, layout_loops_cross, lemuel_doored_altar,
          mainiacjoe_overflow_brackets, gammafunk_temple_overflow_pools,
          minmay_temple_entry_gardened_gates, hangedman_decor_growths,
          hellmonk_bongcloud_opening, uniq_maggie
D:7:      layout_loops_cross, serial_glass, glass_columns_c, glass_columns_a,
          gammafunk_ghost_berserking_beasts, uniq_menkaure
D:8:      layout_basic, lair_entry_dummy, nicolae_ossuary_entry_ruins,
          uniq_pikel
D:9:      hellmonk_crumbling_castle, layout_basic, mainiacjoe_overflow_24_doors,
          mainiacjoe_overflow_alcove_2
Lair:1:   layout_long_grid, nicolae_volcano_entry_hallway,
          chequers_serial_rivers_micro_e

Skill      XL: |  1  2  3  4  5  6  7  8  9 10 |
---------------+-------------------------------+-----
Maces & Flails | 3 4 5 6 8 11 12 | 12.7
Dodging        | 3 4 5 |  5.4
Fighting       | 5 6 7 |  7.5
Armour         | 1 |  1.0

Action                   |  1- 3 |  4- 6 |  7- 9 | 10-12 || total
-------------------------+-------+-------+-------+-------++-------
Melee: Mace              |   102 |    71 |       |       ||   173
       Whip              |       |    22 |       |       ||    22
       Unarmed           |       |    13 |       |       ||    13
       Punch             |       |     1 |       |       ||     1
       Dire flail        |       |    49 |   119 |       ||   168
       Giant spiked club |       |       |   112 |   102 ||   214
Invok: Berserk           |     1 |     2 |     2 |     4 ||     9
       Trog's Hand       |       |     1 |     2 |     4 ||     7
  Use: Potion            |     1 |       |       |     1 ||     2
       Scroll            |       |       |     5 |       ||     5
 Stab: Distracted        |       |     1 |       |       ||     1
Armor: Animal skin       |    31 |    42 |    39 |       ||   112
       Skin              |       |     2 |       |       ||     2
       Swamp dragon scal |       |       |    61 |    41 ||   102
Dodge: Dodged            |    50 |    74 |   138 |    63 ||   325
Block: Other             |    19 |    41 |    62 |    38 ||   160
       Reflection        |     1 |     1 |     2 |     1 ||     5
